 Dungeon Crawl Stone Soup version 0.21-a0-94-gdd6ab6a (webtiles) character file.

575 vev the Magician (level 7, 0/45 HPs)
             Began as an Octopode Wizard on July 2, 2017.
             Slain by an orc wizard
             ... wielding a +0 dagger
              (7 damage)
             ... on level 3 of the Dungeon.
             The game lasted 00:10:52 (6429 turns).

vev the Magician (Octopode Wizard)                  Turns: 6429, Time: 00:10:53

Health: 0/45       AC:  1    Str:  6    XL:     7   Next: 35%
Magic:  4/14       EV: 13    Int: 23    God:
Gold:   200        SH:  0    Dex: 10    Spells: 10/16 levels left

rFire    . . .     SeeInvis .   t - +0 rapier (speed)
rCold    . . .     Gourm    .   (no shield)
rNeg     . . .     Faith    .   a - +0 hat
rPois    .         Spirit   .   (no amulet)
rElec    .         Reflect  .   (no ring)
rCorr    .         Harm     .   (no ring)
MR       .....                  (no ring)
Stlth    +++.......             (no ring)
HPRegen  0.15/turn              (no ring)
MPRegen  0.14/turn              (no ring)
                                (no ring)
                                (no ring)

@: flying
A: almost no armour, stealthy swim, amphibious, 8 rings, constrict 8, camouflage
1, gelatinous body 1
a: no special abilities


You were on level 3 of the Dungeon.
You were near starving.

You visited 1 branch of the dungeon, and saw 5 of its levels.

You collected 200 gold pieces.

Inventory:

Hand Weapons
 o - a +1 dagger of pain
 t - a +0 rapier of speed (weapon)
Missiles
 i - 8 curare-tipped needles
Armour
 a - a +0 hat (worn)
 q - a +0 shield
Scrolls
 d - 2 scrolls of amnesia {unknown}
 f - 2 scrolls of recharging {unknown}
 j - 4 scrolls of teleportation {unknown}
 l - a scroll of enchant armour {unknown}
 p - 3 scrolls of fear {unknown}
 s - a scroll of identify {unknown}
 u - a scroll of remove curse {unknown}
Potions
 e - a potion of invisibility {unknown}
 h - a potion of flight
 k - a potion of brilliance {unknown}
 m - 3 potions of curing
 n - 2 potions of heal wounds {unknown}
Books
 b - a book of Minor Magic

   Spells                             Type                      Level
   a - Magic Dart                     Conjuration                  1
   b - Blink                          Translocation                2
   c - Call Imp                       Summoning                    2
   d - Slow                           Hexes                        2
   e - Conjure Flame                  Conjuration/Fire             3
   f - Mephitic Cloud                 Conjuration/Poison/Air       3
Comestibles
 c - 6 bread rations
 g - 4 meat rations
 r - a royal jelly


   Skills:
 + Level 2.1 Fighting
 + Level 2.8 Dodging
 + Level 4.5 Stealth
 * Level 5.1 Spellcasting
 + Level 4.2 Conjurations
   Level 1.0 Summonings
 + Level 1.4 Translocations


You had 10 spell levels left.
You knew the following spells:

 Your Spells              Type           Power        Failure   Level  Hunger
a - Magic Dart            Conj           ####         1%          1    None
b - Blink                 Tloc           N/A          8%          2    None
c - Conjure Flame         Conj/Fire      ###.....     12%         3    ##.....


Dungeon Overview and Level Annotations

Branches:
Dungeon (5/15)
 Temple: D:4-7

Altars:
Nemelex Xobeh

Annotations:
D:4 p0werm0de's ghost, amateur DsWr


Innate Abilities, Weirdness & Mutations

You cannot wear most types of armour.
You are very stealthy in the water. (Stealth+)
You are amphibious.
You can wear up to eight rings at the same time.
You can use your tentacles to constrict eight enemies at once.
Your skin changes colour to match your surroundings (Stealth+).
Your rubbery body absorbs attacks. (AC +1, EV +1)


Message History

Something hits you but does no damage.
You closely miss something. Something hits you.
* * * LOW HITPOINT WARNING * * *
You closely miss something. Something hits you but does no damage.
You miss something. Your squeeze misses something. Something hits you.
* * * LOW HITPOINT WARNING * * *
Casting: Magic Dart
Confirm with . or Enter, or press ? or * to list all spells.
Aiming: Conjure Flame
Press: ? - help, Dir - move target cursor You see a ghostly outline there, and the spell fizzles.
* * * LOW MAGIC WARNING * * *
A magic dart appears from out of thin air!
The magic dart hits you!
* * * LOW HITPOINT WARNING * * *
It was a potion of flight.
You feel very buoyant.
You fly up into the air.
Something barely misses you.
It was a potion of curing.
You feel better. Something hits you!
You die...

....#.....#.# #.#
....#####.#.# #.#
............# #.#
....#####...# #.# ....# ##..#
#.# ....######[.# #.#
....#.......# #.#
#...........###############.#
........)....).{@...........#
............#################
.#..........########
......###..>......(# .#....#
#.[........# ......#
#..........# .#....#
#..........# ....###
#..........# .#..#
#..........#


There were no monsters in sight!

Vanquished Creatures
  An ogre (D:4)
  A crimson imp (D:3)
  2 orc wizards (D:4)
  2 orc priests
  An iguana (D:5)
  2 worker ants (D:4)
  A hound skeleton (D:4)
  A howler monkey zombie (D:4)
  11 adders
  4 oozes
  4 dart slugs (D:2)
  3 leopard geckos
  15 orcs
  6 bats
  4 giant cockroaches
  7 goblins
  15 hobgoblins
  6 quokkas
  2 ball pythons
  8 frilled lizards
  A jackal skeleton (D:4)
  9 kobolds
  22 rats
128 creatures vanquished.

Notes
Turn   | Place    | Note
-------+----------+-------------------------------------------
     0 | D:1      | vev the Octopode Wizard began the quest for the Orb.
     0 | D:1      | Reached XP level 1. HP: 11/11 MP: 4/4
   341 | D:1      | Reached XP level 2. HP: 17/17 MP: 0/6
   754 | D:1      | Reached skill level 2 in Conjurations
   782 | D:1      | Reached XP level 3. HP: 21/21 MP: 0/7
  1117 | D:1      | You fall through a shaft!
  1125 | D:2      | Learned a level 3 spell: Conjure Flame
  1128 | D:2      | Learned a level 2 spell: Blink
  1576 | D:2      | Reached XP level 4. HP: 23/27 MP: 1/9
  1940 | D:2      | Reached skill level 3 in Conjurations
  2061 | D:2      | Reached skill level 4 in Spellcasting
  2436 | D:3      | Reached XP level 5. HP: 31/31 MP: 8/11
  2437 | D:3      | Reached skill level 3 in Stealth
  2493 | D:3      | Found a sparkling altar of Nemelex Xobeh.
  2676 | D:3      | Reached skill level 1 in Fighting
  3478 | D:4      | Reached XP level 6. HP: 33/38 MP: 5/12
  3495 | D:4      | Noticed p0werm0de's ghost (amateur DsWr)
  4493 | D:4      | Reached skill level 4 in Conjurations
  4674 | D:4      | Reached skill level 2 in Fighting
  4928 | D:4      | Reached XP level 7. HP: 10/45 MP: 4/14
  5044 | D:4      | Reached skill level 4 in Stealth
  5232 | D:4      | Reached skill level 5 in Spellcasting
  5449 | D:5      | Entered Level 5 of the Dungeon
  5716 | D:5      | HP: 4/45 [ice beast (11)]
  6427 | D:3      | HP: 1/45 [something/magic dart (7)]
  6429 | D:3      | Slain by an orc wizard

Vault maps used:
D:1:      erik_arrival_orb_chamber
D:2:      kennysheep_six_static_rooms
D:3:      corexii_shack_village, old_standard_altar, first_bread,
          grunt_decor_one_mirror, minmay_misc_feat_pillars
D:4:      kennysheep_mini, lemuel_doored_altar
D:5:      minmay_misc_feat_tiny

Skill      XL: |  1  2  3  4  5  6  7 |
---------------+----------------------+-----
Conjurations   | 2 3 4 |  4.2
Spellcasting   | 4 5 |  5.1
Stealth        | 3 4 |  4.5
Fighting       | 1 2 |  2.1
Dodging        | |  2.8
Summonings     | |  1.0
Translocations | |  1.4

Action                   |  1- 3 |  4- 6 |  7- 9 || total
-------------------------+-------+-------+-------++-------
Melee: Unarmed           |     3 |     6 |       ||     9
       Constrict         |     2 |    16 |     1 ||    19
       Tentacles         |     1 |     4 |     2 ||     7
       Dagger            |       |    47 |     2 ||    49
       Rapier            |       |       |    18 ||    18
 Cast: Magic Dart        |    80 |   186 |    50 ||   316
       Conjure Flame     |       |     1 |     1 ||     2
       Blink             |       |       |     5 ||     5
  Use: Potion            |       |       |     2 ||     2
 Stab: Sleeping          |       |     6 |     1 ||     7
  Eat: Chunk             |     1 |    11 |     3 ||    15
Armor: Skin              |     2 |     4 |     2 ||     8
Dodge: Dodged            |     9 |    69 |    11 ||    89
